Map: Crimson Court LE

Players

LiquidMaNa (MaNa) - Winner!

  • Race: Protoss Protoss
  • League: Grandmaster
  • Spawn Location: 7:00

LiquidClem (Clem)

  • Race: Terran Terran
  • League: Grandmaster
  • Spawn Location: 1:00

Event: HomeStory Cup XXV

VOD

Have the link to the VOD?

Description

Time

  • Played on: June 21, 2024, 6:44 a.m.
  • Length: 13:34

All games in this series

Show
View Real Time Build Order
Export as new Build Order

LiquidMaNa Protoss - Winner!

Build Orders: 1 Gate Expand, Oracle Opening, Phoenix Opening, Colossus Rush 

Get SALT Encoding   

  12  0:00  Probe  
  13  0:12  Probe  
  14  0:16  Pylon  
  14  0:24  Probe (Chrono Boost)  
  15  0:35  Gateway  
  15  0:36  Probe (Chrono Boost)  
  16  0:44  Probe (Chrono Boost)  
  16  0:45  Assimilator  
  17  0:50  Probe  
  18  1:03  Probe (Chrono Boost)  
  20  1:12  Probe (Chrono Boost)  
  20  1:17  Probe (Chrono Boost)  
  20  1:22  Cybernetics Core  
  21  1:36  Nexus  
  21  1:42  Pylon  
  21  1:45  Probe  
  22  1:53  Assimilator  
  22  1:57  Probe  
  23  2:03  Adept  
  25  2:09  Probe  
  26  2:20  Stargate  
  26  2:21  Probe  
  27  2:26  Warp Gate  
  27  2:31  Adept (Chrono Boost)  
  27  2:33  Probe  
  30  2:41  Shield Battery  
  29  2:48  Probe (Chrono Boost)  
  29  2:50  Probe (Chrono Boost)  
  31  2:53  Adept  
  31  2:58  Probe (Chrono Boost)  
  35  3:00  Probe (Chrono Boost)  
  35  3:01  Oracle (Chrono Boost)  
  38  3:06  Probe  
  38  3:10  Probe  
  40  3:18  Probe  
  40  3:19  Pylon  
  41  3:22  Probe  
  42  3:30  Probe  
  42  3:31  Phoenix  
  45  3:36  Shield Battery  
  45  3:38  Probe  
  46  3:42  Probe  
  46  3:44  Gateway  
  47  3:50  Probe  
  47  3:53  Robotics Facility  
  47  3:54  Probe  
  49  3:56  Assimilator  
  49  4:00  Assimilator  
  50  4:02  Probe  
  50  4:06  Probe  
  50  4:08  Phoenix  
  53  4:12  Pylon  
  53  4:15  Pylon  
  53  4:17  Probe  
  54  4:30  Probe x2  
  56  4:34  Phoenix  
  58  4:41  Observer  
  58  4:42  Robotics Bay  
  58  4:43  Probe x2 (Chrono Boost)  
  63  4:54  Probe x2 (Chrono Boost)  
  63  4:58  Probe (Chrono Boost)  
  63  4:59  Immortal (Chrono Boost)  
  67  5:00  Phoenix  
  67  5:03  Pylon  
  67  5:04  Pylon  
  70  5:21  Nexus, Probe x2  
  70  5:23  Sentry  
  70  5:27  Phoenix  
  76  5:33  Colossus (Chrono Boost)  
  76  5:38  Probe x2  
  84  5:45  Zealot  
  84  5:46  Pylon  
  86  6:04  Phoenix  
  86  6:06  Shield Battery  
  86  6:10  Extended Thermal Lance  
  90  6:15  Pylon  
  90  6:16  Pylon  
  88  6:20  Colossus  
  88  6:25  Pylon  
  94  6:27  Pylon  
  94  6:29  Forge, Twilight Council  
  96  6:33  Probe x2 (Chrono Boost)  
  96  6:36  Probe (Chrono Boost)  
  96  6:37  Phoenix  
  99  6:45  Probe x2 (Chrono Boost)  
  102  6:47  Probe (Chrono Boost)  
  102  6:48  Zealot  
  102  6:49  Zealot  
  102  6:50  Probe (Chrono Boost)  
  107  6:56  Charge  
  107  6:59  Protoss Ground Weapons Level 1 (Chrono Boost)  
  107  7:00  Probe  
  107  7:01  Probe x2  
  110  7:11  Colossus (Chrono Boost)  
  110  7:13  Probe x2  
  117  7:25  Pylon  
  117  7:27  Nexus  
  117  7:28  Gateway  
  117  7:33  Gateway x2  
  113  7:38  Zealot, Sentry  
  113  7:39  Shield Battery  
  114  7:46  Probe x2  
  116  7:53  Probe  
  116  7:57  Observer, Pylon  
  116  7:58  Probe x2  
  120  7:59  Gateway x2  
  120  8:00  Forge  
  120  8:01  Zealot x2  
  124  8:08  Probe  
  125  8:13  Probe x2, Colossus (Chrono Boost)  
  125  8:16  Photon Cannon  
  125  8:18  Shield Battery  
  133  8:20  Probe  
  133  8:24  Pylon  
  133  8:25  Probe  
  135  8:27  Stalker  
  135  8:28  Zealot  
  135  8:31  Robotics Facility  
  139  8:38  Zealot x3  
  141  8:48  Shield Battery  
  141  8:51  Zealot x2  
  145  8:57  Zealot x2  
  145  8:58  Zealot x3  
  150  9:08  Protoss Ground Weapons Level 2 (Chrono Boost)  
  150  9:09  Colossus (Chrono Boost)  
  146  9:13  Probe  
  153  9:18  Protoss Ground Armor Level 1 (Chrono Boost)  
  153  9:19  Zealot x6  
  153  9:23  Probe  
  162  9:27  Probe  
  141  9:42  Probe  
  141  9:44  Stalker x7  
  132  9:47  Disruptor (Chrono Boost)  
  136  9:59  Disruptor (Chrono Boost)  
  136  10:02  Observer  
  130  10:09  Stalker x5  
  130  10:10  Zealot x2  
  144  10:27  Nexus  
  144  10:32  Zealot x7  
  156  10:45  Disruptor  
  156  10:46  Disruptor  
  164  10:52  Zealot x7  
  152  11:10  Observer  
  132  11:13  Zealot x7  
  132  11:14  Probe  
  137  11:21  Disruptor  
  137  11:22  Disruptor  
  137  11:23  Blink (Chrono Boost)  
  145  11:35  Zealot x7  
  157  11:49  Disruptor  
  157  11:50  Disruptor  
  157  11:53  Probe x2  
  158  12:00  Zealot x7  
  179  12:06  Probe  
  179  12:07  Probe x3  
  183  12:16  Pylon  
  183  12:18  Gateway  
  183  12:19  Probe  
  183  12:21  Gateway x2  
  184  12:25  Gateway  
  154  12:31  Stalker x3  
  154  12:32  Zealot x4  
  164  12:43  Disruptor  
  162  12:53  Stalker x2, Zealot  
  162  12:54  Photon Cannon  
  168  12:59  Zealot  
  168  13:03  Zealot x3  
  176  13:15  Zealot x2  
  176  13:19  Zealot  
  180  13:20  Zealot x3  
Show
View Real Time Build Order
Export as new Build Order

LiquidClem Terran 

Build Orders: Cyclone Opening 

Get SALT Encoding   

  12  0:00  SCV  
  13  0:12  SCV  
  14  0:16  Supply Depot  
  14  0:24  SCV  
  15  0:38  SCV  
  15  0:40  Barracks  
  16  0:45  Refinery  
  16  0:50  SCV  
  16  0:52  Refinery  
  17  1:02  SCV  
  18  1:14  SCV  
  19  1:26  Barracks Reactor  
  19  1:27  Orbital Command  
  19  1:29  Supply Depot  
  19  1:42  Factory  
  19  1:52  SCV  
  20  2:03  Reaper  
  20  2:05  SCV  
  22  2:21  SCV, Command Center  
  25  2:32  Cyclone  
  25  2:33  SCV  
  26  2:45  SCV  
  27  2:54  Command Center  
  27  2:58  SCV  
  28  3:10  SCV, Barracks  
  29  3:15  Barracks  
  29  3:19  Factory Tech Lab  
  29  3:22  SCV  
  30  3:31  Marine  
  30  3:32  Marine  
  32  3:34  SCV  
  33  3:46  SCV, Factory Tech Lab  
  33  3:48  Orbital Command  
  34  3:52  Engineering Bay  
  34  3:59  SCV  
  35  4:03  Marine x2  
  35  4:06  Stimpack  
  35  4:09  Orbital Command  
  36  4:12  SCV  
  36  4:13  SCV  
  36  4:16  Marine  
  39  4:19  Marine  
  39  4:21  Combat Shield  
  41  4:24  SCV  
  41  4:27  Terran Infantry Weapons Level 1  
  41  4:28  SCV  
  41  4:34  Starport  
  41  4:35  Factory Reactor  
  42  4:39  SCV  
  42  4:40  SCV  
  42  4:42  SCV  
  42  4:43  Marine x2  
  46  4:46  Marauder  
  46  4:49  Marauder  
  46  4:52  SCV x2  
  51  4:55  Supply Depot  
  51  4:56  SCV  
  52  5:04  SCV, Missile Turret  
  52  5:05  SCV  
  54  5:07  Marauder  
  54  5:09  Marine, Missile Turret  
  54  5:10  Marine  
  59  5:14  SCV  
  59  5:18  Orbital Command, Refinery  
  59  5:20  Supply Depot  
  59  5:21  SCV, Factory Reactor  
  59  5:23  SCV, Medivac  
  59  5:26  Medivac  
  59  5:28  Marine x2  
  67  5:32  Marauder  
  67  5:35  Supply Depot  
  69  5:38  Refinery  
  69  5:41  SCV x2  
  69  5:42  Concussive Shells, Marauder  
  73  5:46  Supply Depot  
  73  5:48  SCV  
  73  5:49  Marine x2  
  76  5:53  SCV  
  76  5:56  SCV  
  78  5:58  Barracks  
  78  6:00  SCV  
  78  6:01  Barracks  
  78  6:06  SCV  
  78  6:07  Missile Turret  
  78  6:08  Widow Mine x2  
  78  6:09  SCV  
  84  6:14  Supply Depot  
  84  6:15  SCV, Marauder  
  84  6:17  Marauder  
  89  6:19  SCV  
  89  6:20  Marine x2  
  89  6:23  SCV  
  89  6:24  Terran Infantry Armor Level 1  
  93  6:31  Supply Depot  
  93  6:36  SCV x3, Viking x2  
  93  6:39  Marine  
  99  6:40  Supply Depot  
  99  6:43  Ghost Academy  
  100  6:48  Supply Depot, SCV  
  100  6:49  SCV  
  100  6:50  Barracks Tech Lab, Barracks Reactor  
  100  6:52  Marine x2  
  100  6:53  SCV, Marine  
  105  6:57  Widow Mine x2  
  105  6:58  Supply Depot  
  109  7:02  SCV x2, Marine  
  109  7:03  Refinery  
  109  7:05  Refinery  
  112  7:08  Supply Depot  
  112  7:11  Marauder  
  112  7:13  Medivac  
  112  7:14  SCV, Medivac  
  112  7:15  SCV  
  120  7:16  SCV  
  120  7:19  Ghost  
  120  7:20  Marine  
  120  7:22  Supply Depot  
  124  7:24  Marine  
  124  7:31  Command Center  
  124  7:34  Ghost  
  124  7:36  Marine x3  
  129  7:40  Supply Depot  
  129  7:42  Supply Depot  
  129  7:47  Viking  
  129  7:48  Ghost  
  129  7:49  Viking  
  134  7:56  Starport  
  134  7:58  SCV  
  134  7:59  SCV, Engineering Bay  
  134  8:00  Armory  
  134  8:03  Ghost  
  134  8:04  Marine x2  
  140  8:05  Marine  
  140  8:08  Marine  
  140  8:09  Ghost  
  141  8:15  Supply Depot  
  141  8:18  Viking  
  141  8:19  Viking  
  145  8:24  Supply Depot  
  145  8:27  Missile Turret, Ghost  
  145  8:30  SCV x3  
  145  8:32  Marine x2  
  145  8:33  Marine x2  
  154  8:36  Viking  
  154  8:38  Viking  
  158  8:45  Ghost  
  159  8:55  SCV x3, Terran Infantry Weapons Level 2  
  162  8:56  Marine x4  
  165  9:03  Unknown, Missile Turret  
  165  9:04  Marauder  
  165  9:08  Terran Infantry Armor Level 2  
  165  9:09  SCV  
  167  9:10  SCV  
  167  9:11  Barracks  
  167  9:12  SCV, Barracks  
  167  9:13  Barracks  
  167  9:15  SCV  
  166  9:18  Marine x2  
  166  9:22  Marauder  
  159  9:25  SCV  
  159  9:26  Marauder  
  159  9:28  Marine  
  159  9:29  SCV  
  153  9:33  Marauder  
  153  9:35  Marine  
  153  9:37  Viking  
  149  9:40  Medivac  
  149  9:43  Marine  
  149  9:44  Marauder  
  149  9:45  Marine  
  135  9:46  SCV  
  135  9:47  Planetary Fortress, Marauder  
  135  9:49  SCV  
  135  9:51  Marine  
  135  9:52  SCV  
  141  9:53  Marine  
  141  9:55  Marauder, Terran Ship Weapons Level 1  
  142  10:04  Barracks Tech Lab x2, Marine  
  142  10:05  Barracks Tech Lab, Marine, Marauder  
  142  10:06  SCV  
  145  10:08  Marauder  
  145  10:09  SCV, Marine, Sensor Tower  
  145  10:10  SCV  
  150  10:16  Marine  
  150  10:18  SCV  
  150  10:19  Command Center, Marauder  
  149  10:22  Viking  
  149  10:23  Marine  
  149  10:25  Marauder  
  149  10:27  Marauder  
  149  10:29  Viking  
  149  10:32  Viking  
  149  10:33  Viking  
  149  10:35  Marine  
  156  10:36  Marine  
  156  10:39  Marine  
  156  10:41  Marauder x2  
  147  10:44  Marine x2, Marauder  
  147  10:46  Marine  
  147  10:47  Marine  
  151  11:00  Viking x2  
  151  11:02  Marauder  
  132  11:04  Marine  
  132  11:05  SCV, Marauder  
  132  11:08  Marine, Marauder  
  132  11:09  Marine x2  
  132  11:10  SCV  
  115  11:12  SCV  
  115  11:14  Medivac  
  115  11:19  Marine, Marauder x2  
  115  11:22  Medivac  
  115  11:25  SCV x2  
  125  11:37  SCV x2, Marine x2  
  125  11:38  Marine  
  129  11:43  Ghost  
  129  11:45  Ghost  
  133  11:48  SCV  
  133  11:53  Marine x2  
  133  11:54  SCV x2  
  137  11:56  Medivac  
  137  11:59  Medivac  
  137  12:00  Marine  
  143  12:01  Marine  
  143  12:04  Orbital Command, SCV  
  143  12:06  SCV x2, Marine  
  148  12:09  Sensor Tower  
  148  12:10  Marine, Marauder  
  148  12:12  Marine  
  148  12:14  Marauder  
  154  12:19  Medivac x2  
  154  12:21  SCV  
  159  12:27  Marauder  
  159  12:28  Marine x3, Ghost  
  144  12:34  Marine  
  141  12:40  Marine, Marauder x2  
  141  12:41  Marauder  
  148  12:46  Medivac  
  148  12:47  Marine  
  148  12:49  Marauder  
  151  12:52  Marine  
  151  12:55  Marine  
  151  12:57  Marauder  
  155  12:59  Marine, Marauder  
  155  13:02  Marauder x2  
  162  13:08  Marine  
  162  13:09  Marine  
  161  13:14  Marine  
Tags
 
Add a new tag
Caveats
  • Supply blocks, unpowered buildings, or Contaminate may cause inaccurate times.
  • Supply counts are checked every 10 seconds.